 Dungeon Crawl Stone Soup version 0.29-a0-397-g846e4a0bbc (webtiles) character file.

Game seed: 4053566795933088384

7 trckry the Caller (level 2, -1/19 HPs)
             Began as a Barachi Summoner on May 11, 2022.
             Slain by a goblin
             ... wielding a +0 dagger of protection
              (3 damage)
             ... on level 1 of the Dungeon.
             The game lasted 00:01:34 (452 turns).

trckry the Caller (Barachi Summoner)                 Turns: 452, Time: 00:01:35

Health: -1/19      AC:  2    Str:  9    XL:     2   Next: 0%
Magic:  1/5        EV: 12    Int: 15    God:
Gold:   8          SH:  0    Dex: 12    Spells: 4/5 levels left

rFire   . . .      SeeInvis .   (no weapon)
rCold   . . .      Faith    .   (no shield)
rNeg    . . .      Spirit   .   a - +0 robe
rPois   .          Reflect  .   (no helmet)
rElec   .          Harm     .   (no cloak)
rCorr   .          Rampage  .   (no gloves)
Will    .....                   (no boots)
Stlth   ++........              (no amulet)
HPRegen 0.06/turn               (no ring)
MPRegen 0.09/turn               (no ring)

@: slow
A: amphibious, slowness 1, strong legs 1, +LOS
a: Hop


You were on level 1 of the Dungeon.
You visited 1 branch of the dungeon, and saw 1 of its levels.

You collected 8 gold pieces.

Inventory:

Hand Weapons
 c - a +0 hunting sling
Armour
 a - a +0 robe (worn)
Potions
 b - a potion of magic


   Skills:
 - Level 2.1 Dodging
 - Level 1.7 Stealth
 + Level 2.4 Spellcasting
 * Level 5.1 Summonings


You had 4 spell levels left.
You knew the following spells:

 Your Spells              Type           Power      Damage    Failure   Level
a - Summon Small Mammal   Summ           68%        N/A       2%          1

Your spell library contained the following spells:

 Spells                   Type           Power      Damage    Failure   Level
 Call Imp                 Summ           17%        N/A       3%          2
 Call Canine Familiar     Summ           17%        N/A       8%          3
 Summon Guardian Golem    Hex/Summ       9%         N/A       22%         3
 Summon Lightning Spire   Summ/Air       9%         N/A       58%         4


Dungeon Overview and Level Annotations

Branches:
Dungeon (1/15)

Altars:


Innate Abilities, Weirdness & Mutations

You are amphibious.
You cover ground slowly.
You can hop short distances.
You have an extended range of vision and can be seen from far away.


Message History

Your rat completely misses the goblin.
You take 4 damage, and have 15/19 hp.
MASSIVE DAMAGE!!
Your rat closely misses the goblin.
The goblin barely misses you. The goblin attacks as you move away!
The goblin hits you with a +0 dagger of protection.
Your rat bites the goblin but does no damage.
You take 2 damage, and have 13/19 hp.
The goblin hits your rat with a +0 dagger of protection.
Your rat bites the goblin but does no damage.
The goblin closely misses your rat.
Your rat bites the goblin but does no damage.
There is an open door here.
Casting: Summon Small Mammal (safe; 2% risk of failure)
Confirm with . or Enter, or press ? or * to list all spells.
Your rat closely misses the goblin.
The goblin hits your rat with a +0 dagger of protection.
Your rat dies!
Your rat's corpse disappears in a puff of smoke!
Your bat misses the quokka. The quokka bites your bat.
Your bat dies!
Your bat's corpse disappears in a puff of smoke!
The quokka bites you.
You take 1 damage, and have 12/19 hp.
Casting: Summon Small Mammal (safe; 2% risk of failure)
Confirm with . or Enter, or press ? or * to list all spells.
The quokka bites you.
You take 2 damage, and have 10/19 hp.
You now have 2/5 mp.
You swap places.
The quokka attacks as you move away! The quokka bites you.
* * * LOW HITPOINT WARNING * * *
The quokka bites your rat.
Your rat dies!
Your rat's corpse disappears in a puff of smoke!
You take 5 damage, and have 5/19 hp.
MASSIVE DAMAGE!!
The goblin hits you with a +0 dagger of protection.
* * * LOW HITPOINT WARNING * * *
You take 3 damage, and have 2/19 hp.
Casting: Summon Small Mammal (safe; 2% risk of failure)
Confirm with . or Enter, or press ? or * to list all spells.
The goblin hits you with a +0 dagger of protection.
You die...

###########
##########
#..........
.........####
#.#########
.#######....###.#
##≈≈≈≈≈##'#..r#.###
##.......g8###g@b.>#
#..<.........+.#.#.#
##........8#####.#.#
##≈≈≈≈≈##'# #.#.#
########.# #.#.#
#.#####.#.#
#####.......#.#
##.........###.#
.............#
#.##########


You could see a quokka, a goblin (ally target) and a friendly bat (summoned).

Vanquished Creatures (collateral kills)
  2 ball pythons (D:1)
  2 endoplasms (D:1)
  A kobold (D:1)
  A rat (D:1)
6 creatures vanquished.

Notes
Turn   | Place    | Note
-------+----------+-------------------------------------------
     0 | D:1      | trckry the Barachi Summoner began the quest for the Orb.
     0 | D:1      | Reached XP level 1. HP: 13/13 MP: 3/3
   244 | D:1      | Reached skill level 5 in Summonings
   380 | D:1      | Reached XP level 2. HP: 19/19 MP: 1/5
   451 | D:1      | HP: 2/19 [goblin/+0 dagger of protection (3)]
   452 | D:1      | Slain by a goblin

Illustrated notes

Levels and vault maps discovered:
D:1:      wander_arrival_chamber, layout_basic, chequers_ecumenical_altar_grove,
          minmay_tetromino_l4

Skill      XL: |  1 |
---------------+----+-----
Summonings     | 5 |  5.1
Dodging        | |  2.1
Stealth        | |  1.7
Spellcasting   | |  2.4

Action                   || total
-------------------------++-------
 Cast: Summon Small Mamm ||    17
Armor: Robe              ||     1
Dodge: Dodged            ||     9

Table legend: (Time is in decaauts)
 A = Elapsed time spent in this place.
 B = Non-inter-level travel time spent in this place.
 C = Inter-level travel time spent in this place.
 D = Time resting spent in this place.
 E = Time spent auto-exploring this place.
 F = Levels seen in this place.
 G = Mean time per level.
                   A        B        C        D        E       F      G
               +--------+--------+--------+--------+--------+-----+--------+
         Total |    479 |    479 |      0 |      0 |    380 |   1 |  479.0 |
       Dungeon |    479 |    479 |      0 |      0 |    380 |   1 |  479.0 |
               +--------+--------+--------+--------+--------+-----+--------+

Top non-repeatable levels by time:
     D:1: 479 daAuts
